 Dungeon Crawl Stone Soup version 0.31.0-32-g396128a36d (webtiles) character file.

Game seed: 2638305769039869241

54 Alphaeus the Ruffian (level 3, 0/24 HPs)
             Began as an Octopode Shapeshifter on Mar 19, 2024.
             Slain by an orc
             ... wielding a +0 club
              (5 damage)
             ... on level 3 of the Dungeon.
             The game lasted 00:00:56 (1508 turns).

Alphaeus the Ruffian (Octopode Shapeshifter)        Turns: 1508, Time: 00:00:57

Health: 0/24       AC:  1    Str: 15    XL:     3   Next: 91%
Magic:  3/3        EV: 13    Int: 12    God:
Gold:   163        SH:  0    Dex: 11    Spells: 2/2 levels left

rFire   . .          .
                       - Unarmed
rCold   . . .        (no shield)
rNeg    . . .        (helmet currently unavailable)
rPois   .            (no amulet)
rElec   .            r - ring of resist corrosion
rCorr   +            (no ring)
SInv    .            (no ring)
Will    .....        (no ring)
Stlth   ++           (no ring)
HPRegen 0.24/turn    (no ring)
MPRegen 0.08/turn    (no ring)
                     (no ring)

%: no passive effects
@: beast-form
A: beast (slay +2), almost no armour, amphibious, 8 rings, camouflage 1,
gelatinous body 1, (nimble swimmer 1), tentacles
a: Begin Untransformation


You were on level 3 of the Dungeon.
You were a hulking beast.
You visited 1 branch of the dungeon, and saw 3 of its levels.

You collected 163 gold pieces.

Inventory:

Jewellery
 o - an amulet of faith
 q - a ring of magical power
 r - a ring of resist corrosion (left tentacle)
 s - a +6 ring of intelligence
Talismans
 b - a beast talisman
 c - a flux talisman
Scrolls
 g - 2 scrolls of summoning {unknown}
 h - a scroll of enchant armour {unknown}
 i - 2 scrolls of identify {unknown}
 j - a scroll of immolation {unknown}
 n - a scroll of fear {unknown}
 p - a scroll of revelation {unknown}
Potions
 a - a potion of lignification
 d - a potion of attraction {unknown}
 e - a potion of berserk rage {unknown}
 f - 2 potions of ambrosia {unknown}
 k - 2 potions of curing {unknown}
 l - a potion of might {unknown}
 m - 3 potions of heal wounds {unknown}
 t - a potion of cancellation {unknown}


   Skills:
 + Level 1.7 Fighting
 + Level 2.4 Dodging
 * Level 3.6 Unarmed Combat
 * Level 3.5 Shapeshifting


You had 2 spell levels left.
You didn't know any spells.
Your spell library contained the following spells:

 Spells                   Type           Power      Damage    Failure   Level
 Magic Dart               Conj           0%         1d3       32%         1
 Blink                    Tloc           0%         N/A       45%         2
 Call Imp                 Summ           0%         N/A       45%         2
 Lesser Beckoning         Tloc           0%         N/A       45%         2
 Momentum Strike          Conj/Tloc      0%         3d8       45%         2
 Gell's Gravitas          Tloc           0%         N/A       69%         3
 Teleport Other           Tloc           0%         N/A       69%         3
 Dispersal                Tloc           0%         N/A       100%        6


Dungeon Overview and Level Annotations

Branches:
Dungeon (3/15)

Altars:
Ashenzari
Okawaru

Shops:
D:1 ?


Innate Abilities, Weirdness & Mutations

You are a hulking beast.
Your limbs bulge with bestial killing power. (Slay +2)
You cannot wear most types of armour.
You are amphibious.
You can wear up to eight rings at the same time.
Your skin changes colour to match your surroundings (Stealth+).
Your rubbery body absorbs attacks. (AC +1, EV +1)
((You are camouflaged when in or above water. (Stealth+)))
You have tentacles for arms and can constrict up to eight enemies at once.


Message History

You constrict the orc. The orc completely misses you. The orc misses you.
The orc hits you with a +0 club.
You tentacle-slap the orc but do no damage.
The orc is severely wounded.
You constrict the orc, but do no damage.
The orc barely misses you. The orc hits you with a +0 club. x2
You are too injured to fight recklessly!
You are too injured to fight recklessly!
You are too injured to fight recklessly!
You are too injured to fight recklessly!
You are too injured to fight recklessly!
You are too injured to fight recklessly!
You are too injured to fight recklessly!
You are too injured to fight recklessly!
You are too injured to fight recklessly!
You are too injured to fight recklessly!
You are too injured to fight recklessly!
You are too injured to fight recklessly!
You are too injured to fight recklessly!
You are too injured to fight recklessly!
You release your grip on the orc.
The orc hits you with a +0 dagger.
* * * LOW HITPOINT WARNING * * *
The orc barely misses you. The orc attacks as it pursues you!
The orc closely misses you. The orc hits you with a +0 club.
* * * LOW HITPOINT WARNING * * *
The orc attacks as it pursues you! The orc completely misses you.
There is an open door here.
You tentacle-slap the orc. You grab the orc.
The orc is severely wounded.
You constrict the orc. The orc misses you.
You barely miss the orc.
The orc is almost dead.
You constrict the orc.
You kill the orc!
You tentacle-slap the orc.
You kill the orc!
You closely miss the orc. Your grab misses the orc.
The orc hits you with a +0 club.
You die...

P..........#..#'###+#..#...>.....
...######.##..#.....#..##.######.
..## +..+.._..'..'..# #. ..#
#..#.....#..#########. ..#
#..#+###+#..#....(.>.# .##
#..#.....#..#........# .#
+##+##'##'##'........# .#
#.....#.....#........# ##
#....h#.....#........#
###+##o##+###.########
#....##.##### #...........
#........... #...).......
#..#$........ #............
##.#.........


You could see an orc.

Vanquished Creatures
  2 adders
  2 dart slugs (D:1)
  3 orcs (D:3)
  2 ball pythons
  2 bats
  An endoplasm (D:1)
  2 giant cockroaches
  3 goblins
  2 hobgoblins
  3 quokkas (D:2)
  4 kobolds
  A rat (D:1)
27 creatures vanquished.

Notes
Turn   | Place    | Note
-------+----------+-------------------------------------------
     0 | D:1      | Alphaeus the Octopode Shapeshifter began the quest for the
                  | Orb.
     0 | D:1      | Reached XP level 1. HP: 13/13 MP: 1/1
    87 | D:1      | Found Nysaepug's Magic Scroll Shop.
   118 | D:1      | Reached XP level 2. HP: 18/18 MP: 2/2
   792 | D:2      | Reached XP level 3. HP: 21/23 MP: 3/3
  1292 | D:3      | Found a broken altar of Ashenzari.
  1361 | D:3      | Found an iron altar of Okawaru.
  1508 | D:3      | Slain by an orc

Illustrated notes

Levels and vault maps discovered:
D:1:      lemuel_arrival_hallway, layout_basic, serial_shops, shop_statue
D:2:      layout_rooms, serial_park_tiny_2, hangedman_feature_mirror,
          minivault_19, nrook_loot_triangle
D:3:      layout_basic, mainiacjoe_overflow_boulevard,
          mainiacjoe_overflow_24_doors, amcnicky_altar_gilded,
          shapermc_ecumenical_altar_mp_urbaneastern, kennysheep_another_room

Action                     || total
---------------------------++-------
  Melee: Unarmed           ||    64
         Constrict         ||    17
         Tentacles         ||     8
   Stab: Sleeping          ||     6
 Armour: Skin              ||    29
  Dodge: Dodged            ||    44
